 Dungeon Crawl Stone Soup version 0.22-a0-570-g58866f5 (webtiles) character file.

38 Hebeh the Shield-Bearer (level 3, -5/33 HPs)
             Began as a Minotaur Fighter on June 30, 2018.
             Slain by Crazy Yiuf
             ... wielding a +2 quarterstaff of chaos
              (10 damage)
             ... on level 2 of the Dungeon.
             The game lasted 00:04:20 (1715 turns).

Hebeh the Shield-Bearer (Minotaur Fighter)          Turns: 1715, Time: 00:04:22

Health: -5/33      AC:  7    Str: 21    XL:     3   Next: 25%
Magic:  2/2        EV:  7    Int:  5    God:
Gold:   88         SH:  9    Dex:  9    Spells: 2/2 levels left

rFire    . . .     SeeInvis .   a - +2 war axe
rCold    . . .     Gourm    .   c - +0 shield
rNeg     . . .     Faith    .   g - +0 scale mail
rPois    .         Spirit   .   (helmet restricted)
rElec    .         Reflect  .   (no cloak)
rCorr    .         Harm     .   (no gloves)
MR       .....                  (no boots)
Stlth    ..........             o - amulet of the acrobat
HPRegen  0.11/turn              (no ring)
MPRegen  0.08/turn              (no ring)

@: drained
A: retaliatory headbutt, horns 2
a: no special abilities


You were on level 2 of the Dungeon.
You were not hungry.

You visited 1 branch of the dungeon, and saw 2 of its levels.

You collected 88 gold pieces.

Inventory:

Hand Weapons
 a - a +2 war axe (weapon)
 b - a +0 hunting sling
Armour
 c - a +0 shield (worn)
 g - a +0 scale mail (worn)
Jewellery
 o - an amulet of the acrobat (around neck)
Scrolls
 e - a scroll of enchant armour {unknown}
 i - 2 scrolls of identify
 s - a scroll of amnesia
Potions
 d - 3 potions of might
 h - 2 potions of curing
 j - a potion of flight {unknown}
 n - 2 potions of degeneration {unknown}
Comestibles
 f - 2 rations


   Skills:
 + Level 4.0(3.7) Fighting
 * Level 3.4(3.1) Axes
 + Level 4.0(3.7) Armour
 + Level 4.0(3.7) Shields


You had 2 spell levels left.
You didn't know any spells.
Your spell library was empty.

Dungeon Overview and Level Annotations

Branches:
Dungeon (2/15)

Altars:
Uskayaw

Annotations:
D:2 Crazy Yiuf


Innate Abilities, Weirdness & Mutations

You reflexively headbutt those who attack you in melee.
You have a pair of horns on your head.


Message History

Crazy Yiuf shouts!
Found a mace.
Crazy Yiuf drinks a potion.
Crazy Yiuf goes berserk!
There is an open door here.
Crazy Yiuf hits you but does no damage.
Your scale mail prevents you from hitting Crazy Yiuf.
Crazy Yiuf barely misses you. You furiously retaliate!
You headbutt Crazy Yiuf.
Crazy Yiuf hits you with a quarterstaff of chaos.
Your scale mail prevents you from hitting Crazy Yiuf.
Your headbutt misses Crazy Yiuf.
Crazy Yiuf is lightly wounded.
Crazy Yiuf hits you with a quarterstaff of chaos!
You feel drained. You block Crazy Yiuf's attack.
Your shield and scale mail prevent you from hitting Crazy Yiuf.
Your headbutt misses Crazy Yiuf.
Crazy Yiuf is lightly wounded.
Crazy Yiuf hits you with a quarterstaff of chaos!
* * * LOW HITPOINT WARNING * * *
You are electrocuted!
You die...

###((((.####........#
#### ####
##=....###....###..<.#
#...
...###.......#..####
#....####.##
#..#....[..######
#######...#
...........# #..###
#..####....# #######
...# ##...# #####
####.[.... #### #....#
#)..### ##.#...####
#....#
#.g@'.####......#
#....#
#...##..#..#...##
##...#
########.#..#.## ##..#
######## ####


You could see Crazy Yiuf (berserk).

Vanquished Creatures
  An adder (D:2)
  A worm (D:2)
  4 giant cockroaches
  4 hobgoblins (D:1)
  A kobold (D:2)
  A quokka (D:2)
  A ball python (D:2)
  3 bats
  3 frilled lizards
  4 goblins
  3 rats
26 creatures vanquished.

Notes
Turn   | Place    | Note
-------+----------+-------------------------------------------
     0 | D:1      | Hebeh the Minotaur Fighter began the quest for the Orb.
     0 | D:1      | Reached XP level 1. HP: 19/19 MP: 0/0
   436 | D:1      | Reached XP level 2. HP: 27/27 MP: 1/1
   943 | D:2      | Noticed a hand axe
   945 | D:2      | Found a hide-covered altar of Uskayaw.
   945 | D:2      | Noticed a dagger
  1081 | D:2      | Reached XP level 3. HP: 28/33 MP: 2/2
  1625 | D:2      | Found a faded altar of an unknown god.
  1706 | D:2      | Found a runed door.
  1710 | D:2      | Noticed Crazy Yiuf
  1715 | D:2      | Slain by Crazy Yiuf

Vault maps used:
D:1:      dpeg_arrival_signposts
D:2:      dancing_weapons_uskayaw, chequers_ecumenical_altar_twisty,
          columned_hall_lemuel, kennysheep_pointless_box,
          uniq_crazy_yiuf_cottage

Skill      XL: |  1  2 |
---------------+-------+-----
Axes           | 3 |  3.4
Fighting       | 4 |  4.0
Armour         | 4 |  4.0
Shields        | 4 |  4.0

Action                   || total
-------------------------++-------
Melee: War axe           ||    60
       Headbutt          ||    13
  Use: Scroll            ||     8
  Eat: Chunk             ||     2
Armor: Scale mail        ||    27
Dodge: Dodged            ||    12
Block: Shield            ||    31

Table legend:
 A = Spawn XP
 B = Non-spawn XP
 C = Spawn XP percentage of total XP
 D = Spawn monster count
 E = Non-spawn monster count
 F = Spawn count percentage of total count
 G = Total turns spent on level
                    A         B        C        D         E        F      G
               +---------+---------+-------+---------+---------+-------+---------
         Total |       0 |      55 |   0.0 |       0 |      26 |   0.0 |  1715
               +---------+---------+-------+---------+---------+-------+---------
           D:1 |       0 |      18 |   0.0 |       0 |      12 |   0.0 |   904
           D:2 |       0 |      37 |   0.0 |       0 |      14 |   0.0 |   811
               +---------+---------+-------+---------+---------+-------+---------
